 Dungeon Crawl Stone Soup version 0.32-a0-995-gb4a59205af (webtiles) character file.

Game seed: 5413468694340078596

11 protoss039 the Digger (level 2, 20/20 HPs)
             Began as a Demonspawn Earth Elementalist on Apr 22, 2024.
             Got out of the dungeon alive.
             The game lasted 00:00:22 (278 turns).

protoss039 the Digger (DsEE)                         Turns: 278, Time: 00:00:23

Health: 20/20      AC:  2    Str:  8    XL:     2   Next: 13%
Magic:  5/5        EV: 11    Int: 15    God:
Gold:   26         SH:  0    Dex: 13    Spells: 4/5 levels left

rFire   . . .        c - +0 dagger
rCold   . . .        (no shield)
rNeg    . . .        a - +0 robe
rPois   .            (no helmet)
rElec   .            (no cloak)
rCorr   .            (no gloves)
SInv    .            (no boots)
Will    .....        (no amulet)
Stlth   ++           (no ring)
HPRegen 0.23/turn    (no ring)
MPRegen 0.18/turn

%: no passive effects
@: no status effects
A: magic regeneration
a: no special abilities


You escaped.
You visited 1 branch of the dungeon, and saw 1 of its levels.

You collected 26 gold pieces.

Inventory:

Hand Weapons
 c - a +0 dagger (weapon)
Armour
 a - a +0 robe (worn)
Potions
 b - a potion of magic


   Skills:
 + Level 0.9 Fighting
 - Level 1.7 Dodging
 - Level 1.7 Stealth
 + Level 2.2 Spellcasting
 - Level 1.0 Conjurations
 + Level 2.9 Earth Magic


You had 4 spell levels left.
You knew the following spells:

 Your Spells              Type           Power      Damage    Failure   Level
a - Sandblast             Erth           20%        2d7       7%          1

Your spell library contained the following spells:

 Spells                   Type           Power      Damage    Failure   Level
 Passwall                 Erth           10%        N/A       21%         3
 Stone Arrow              Conj/Erth      14%        3d7       28%         3
 Brom's Barrelling Bould  Conj/Erth      7%         2d3       67%         4
 Petrify                  Alch/Erth      6%         N/A       75%         4


Dungeon Overview and Level Annotations

Branches:
Dungeon (1/15) Zot: 5716

Altars:


Innate Abilities, Weirdness & Mutations

You regenerate magic rapidly.


Message History

You kill the frilled lizard!
Unknown command.
A bat comes into view.
Found a gold piece.
A bat is nearby!
The bat hits you but does no damage.
Casting: Sandblast (safe; 7% risk of failure)
Confirm with . or Enter, or press ? or * to list all spells.
Aiming: Sandblast (safe; 7% risk of failure)
Press: ? - help, Shift-Dir - straight line, f - bat
Aim: a bat (73% to hit)
The blast of sand misses the bat.
The bat hits you. The bat barely misses you.
Unknown command.
Casting: Sandblast (safe; 7% risk of failure)
Confirm with . or Enter, or press ? or * to list all spells.
Aiming: Sandblast (safe; 7% risk of failure)
Press: ? - help, Shift-Dir - straight line, f/p - bat
Aim: a bat (73% to hit)
The blast of sand hits the bat.
You kill the bat!
Unknown command.
A bat comes into view.
A bat is nearby!
A bat is nearby!
The bat hits you but does no damage.
Casting: Sandblast (safe; 7% risk of failure)
Confirm with . or Enter, or press ? or * to list all spells.
Aiming: Sandblast (safe; 7% risk of failure)
Press: ? - help, Shift-Dir - straight line, f - bat
Aim: a bat (73% to hit)
The blast of sand hits the bat!
You kill the bat!
Unknown command.
You see here a +0 leather armour.
Things that are here:
a +0 club; a goblin corpse
There is a shaft here.
There is an open door here.
There is a staircase leading out of the dungeon here.
You have escaped!

....#######
###.# #.# #####
#.# ###ß.ß## #.#
#......# #.#
#......# #.##
#...ß..##
#..#####......ß#
##.....'......@#
#######......ß#
#...ß..##
#......#
#......#
###ß.ß## #####


There were no monsters in sight!

Vanquished Creatures
  2 bats (D:1)
  2 endoplasms (D:1)
  2 goblins (D:1)
  A hobgoblin (D:1)
  A ball python (D:1)
  A frilled lizard (D:1)
  A rat (D:1)
10 creatures vanquished.

Notes
Turn   | Place    | Note
-------+----------+-------------------------------------------
     0 | D:1      | protoss039 the Demonspawn Earth Elementalist began the
                  | quest for the Orb.
     0 | D:1      | Reached XP level 1. HP: 13/13 MP: 3/3
   143 | D:1      | Gained mutation: You regenerate magic rapidly. [demonic
                  | ancestry]
   143 | D:1      | Reached XP level 2. HP: 20/20 MP: 3/5
   278 | D:$      | Got out of the dungeon alive.

Illustrated notes

Levels and vault maps discovered:
D:1:      mrwooster_arrival_statue_3, layout_loops_cross,
          ebering_ecumenical_altar_hall

Action                     || total
---------------------------++-------
  Melee: Dagger            ||     4
   Cast: Sandblast         ||    12
 Armour: Robe              ||     6
  Dodge: Dodged            ||     1

Table legend: (Time is in decaauts)
 A = Elapsed time spent in this place.
 B = Non-inter-level travel time spent in this place.
 C = Inter-level travel time spent in this place.
 D = Time resting spent in this place.
 E = Time spent auto-exploring this place.
 F = Levels seen in this place.
 G = Mean time per level.
                   A        B        C        D        E       F      G
               +--------+--------+--------+--------+--------+-----+--------+
         Total |    283 |    217 |     66 |      0 |    168 |   1 |  283.0 |
       Dungeon |    283 |    217 |     66 |      0 |    168 |   1 |  283.0 |
               +--------+--------+--------+--------+--------+-----+--------+

Top non-repeatable levels by time:
     D:1: 283 daAuts
